 Dungeon Crawl Stone Soup version 0.29-a0-359-g541a27f54d (webtiles) character file.

Game seed: 11499978668238222024

203 zeratav the Shooter (level 5, -10/30 HPs)
             Began as a Tengu Hunter on Apr 27, 2022.
             Killed by divine providence
             ... invoked by an orc priest
              (14 damage)
             ... on level 4 of the Dungeon.
             The game lasted 00:05:40 (2472 turns).

zeratav the Shooter (Tengu Hunter)                  Turns: 2472, Time: 00:05:41

Health: -10/30     AC:  3    Str: 11    XL:     5   Next: 81%
Magic:  6/6        EV: 14    Int:  9    God:
Gold:   100        SH:  0    Dex: 20    Spells: 4/4 levels left

rFire   . . .      SeeInvis .   a - +1 shortbow {bow}
rCold   . . .      Faith    .   (shield currently unavailable)
rNeg    . . .      Spirit   .   b - +0 leather armour
rPois   .          Reflect  .   (helmet restricted)
rElec   .          Harm     .   (no cloak)
rCorr   .          Rampage  .   (no gloves)
Will    .....                   (boots unavailable)
Stlth   ++........              (no amulet)
HPRegen 0.10/turn               (no ring)
MPRegen 0.10/turn               (no ring)

@: flying quickly and evasively, quick
A: beak, talons 3, nimble flight
a: no special abilities


You were on level 4 of the Dungeon.
You visited 1 branch of the dungeon, and saw 3 of its levels.
You also visited: Ossuary.

You collected 100 gold pieces.


Innate Abilities, Weirdness & Mutations

You have a beak for a mouth.
You have claws for feet.
Your magical nature lets you fly swiftly and evasively.


   Skills:
 - Level 2.0 Fighting
 + Level 7.5 Bows
 - Level 2.1 Dodging
 - Level 1.0 Stealth


You had 4 spell levels left.
You didn't know any spells.
Your spell library was empty.

Inventory:

Hand Weapons
 a - a +1 shortbow (weapon) {bow}
 i - a +1 dagger of flaming {short}
   (You took it off a kobold on level 1 of the Dungeon)
Armour
 b - a +0 leather armour (worn)
Scrolls
 c - a scroll of immolation {!r!r}
 f - a scroll of enchant armour {unknown}
 h - 2 scrolls of identify {unknown}
 j - a scroll of torment {unknown}
 l - a scroll of holy word {unknown}
 m - a scroll of summoning {unknown}
 n - 2 scrolls of teleportation {unknown}
Potions
 d - 2 potions of flight {unknown}
 e - a potion of haste {unknown}
 g - a potion of curing {unknown}
 k - a potion of cancellation {unknown}

Dungeon Overview and Level Annotations

Branches:
Dungeon (4/15)            Ossuary (visited)
 Temple: D:4-7

Altars:

..# #....#..# .c........ ..#
#....#..######......... ..#
#....'.......#.........
..#########....#..##...#.........
...............#####...#.........
...............+..##...#........
##.............#..##...##...#
.#.............#...#........#
.#.............#@).#........#
.#.............##)##..###+###
'####'#รท...#####..##..###.####'#
..#...#....# +.o.............'.
..#...#....# #...............#.
..#...#....# #..##..########'#
..##..#....# #..##..###### ..
..#####....# ##'##........ ###
+....+ ......).......[


You could see an orc priest.


Message History

Shoot: a) +1 shortbow {bow}
Press: ? - help, Q - select action Shift-Dir - straight line, f - jackal zombie, p - elf zombie
Aim: a jackal zombie (76% to hit)
You shoot an arrow. The arrow hits the jackal zombie!
The jackal zombie barely misses you. The jackal zombie misses you.
HP[+1] Shoot: a) +1 shortbow {bow}
Press: ? - help, Q - select action Shift-Dir - straight line, f/p - jackal zombie
Aim: a jackal zombie (severely damaged, 76% to hit)
You shoot an arrow.
The arrow closely misses the jackal zombie.
The arrow hits the elf zombie!
The jackal zombie bites you but does no damage.
The jackal zombie closely misses you. The elf zombie closely misses you.
Welcome back to the Dungeon!
There is a collapsed entrance here.
You start resting.
A centaur comes into view.
HP[+16]
You regained 16 hp, and now have 20/30 hp.
There is an open door here.
HP[+1]
You reach down and close the door.
You start resting.
HP[+9]
Your hp is fully restored (30).
An orc priest and an orc come into view.
The orc shouts!
The orc priest shouts!
An orc priest comes into view. It is wielding a +0 club.
An orc wizard comes into view. It is wielding a +0 dagger.
Shoot: a) +1 shortbow {bow}
Press: ? - help, Q - select action Shift-Dir - straight line, f - orc wizard
Aim: an orc wizard, wielding a +0 dagger and wearing a +0 robe (wandering, hasn't noticed you, 61% to hit)
You shoot an arrow.
The arrow completely misses the orc wizard.
The orc wizard shouts!
The orc priest shouts!
Shoot: a) +1 shortbow {bow}
Press: ? - help, Q - select action Shift-Dir - straight line, f/p - orc wizard
Aim: an orc wizard, wielding a +0 dagger and wearing a +0 robe (61% to hit)
You shoot an arrow. The arrow hits the orc wizard!
The orc priest begins to cast a cantrip, but forgets the words!
The teleport trap disappears.
The adder disappears!
Shoot: a) +1 shortbow {bow}
Press: ? - help, Q - select action Shift-Dir - straight line, f/p - orc wizard
Aim: an orc wizard, wielding a +0 dagger and wearing a +0 robe (heavily wounded, 61% to hit)
You shoot an arrow. The arrow hits the orc wizard.
The orc priest invokes the aid of Beogh against you.
Beogh smites you!
Ouch! That really hurt!
* * * LOW HITPOINT WARNING * * *
The orc wizard completely misses you.
HP[-16]
You take 16 damage, and now have 14/30 hp.
MASSIVE DAMAGE!! (PAUSE) Shoot: a) +1 shortbow {bow}
Press: ? - help, Q - select action Shift-Dir - straight line, f/p - orc wizard
Aim: an orc wizard, wielding a +0 dagger and wearing a +0 robe (severely wounded, 61% to hit)
You shoot an arrow. The arrow barely misses the orc wizard.
The orc priest calls down the wrath of Beogh upon you.
Beogh smites you!
* * * LOW HITPOINT WARNING * * *
The orc wizard misses you.
HP[-6]
You take 6 damage, and now have 8/30 hp.
Shoot: a) +1 shortbow {bow}
Press: ? - help, Q - select action Shift-Dir - straight line, f/p - orc wizard
Aim: an orc wizard, wielding a +0 dagger and wearing a +0 robe (severely wounded, 61% to hit)
You shoot an arrow. The arrow hits the orc wizard.
You kill the orc wizard!
You reach down and open the door.
The orc priest miscasts a cantrip.
There is an open door here.
HP[+1] Shoot: a) +1 shortbow {bow}
Press: ? - help, Q - select action Shift-Dir - straight line, f - orc
Aim: an orc, wielding a +0 mace (67% to hit)
You shoot an arrow. The arrow hits the orc.
Shoot: a) +1 shortbow {bow}
Press: ? - help, Q - select action Shift-Dir - straight line, f/p - orc
Aim: an orc, wielding a +0 mace (almost dead, 67% to hit)
You shoot an arrow. The arrow hits the orc!
You kill the orc!
The orc priest begins to cast a cantrip, but forgets the words!
The orc priest hits you with a +0 flail.
* * * LOW HITPOINT WARNING * * *
HP[-5]
You take 5 damage, and now have 4/30 hp.
Shoot: a) +1 shortbow {bow}
Press: ? - help, Q - select action Shift-Dir - straight line, f - orc priest
Aim: an orc priest, wielding a +0 flail (67% to hit)
You shoot an arrow. The arrow hits the orc priest!
The orc priest looks satisfied for a moment.
Shoot: a) +1 shortbow {bow}
Press: ? - help, Q - select action Shift-Dir - straight line, f/p - orc priest
Aim: an orc priest, wielding a +0 flail (severely wounded, 67% to hit)
You shoot an arrow. The arrow hits the orc priest!
You kill the orc priest!
The orc priest mumbles some strange prayers to Beogh against you.
Beogh smites you!
You die...

Skill      XL: |  1  2  3  4  5 |
---------------+----------------+-----
Bows           | 5 6 7 |  7.5
Fighting       | |  2.0
Dodging        | |  2.1
Stealth        | |  1.0

Action                   |  1- 3 |  4- 6 || total
-------------------------+-------+-------++-------
 Fire: Shortbow          |    75 |   128 ||   203
Armor: Leather armour    |     6 |    10 ||    16
Dodge: Dodged            |    11 |    31 ||    42

Levels and vault maps discovered:
D:1:      minmay_arrival_three_doors, layout_basic, serial_park_tiny_pond
D:2:      cheibrodos_helix_gallery, layout_basic,
          hellmonk_ecumenical_altar_blasted, minmay_pentomino_t2, uniq_sigmund
D:4:      layout_gridville, enter_ossuary_3, serial_bayou_pond_a

Notes
Turn   | Place    | Note
-------+----------+-------------------------------------------
     0 | D:1      | zeratav the Tengu Hunter began the quest for the Orb.
     0 | D:1      | Reached XP level 1. HP: 12/12 MP: 2/2
     0 | D:1      | magus.rc [v1.9.6]
    42 | D:1      | Reached XP level 2. HP: 15/17 MP: 3/3
   119 | D:1      | Reached skill level 5 in Bows
   710 | D:1      | Reached XP level 3. HP: 21/21 MP: 4/4
  1042 | D:2      | Reached skill level 6 in Bows
  1042 | D:2      | Reached XP level 4. HP: 26/26 MP: 5/5
  1389 | D:2      | You fall into a shaft and drop 2 floors!
  1524 | D:4      | HP: 6/26 [iguana (3)]
  1526 | D:4      | Gained mutation: Your magical nature lets you fly swiftly
                  | and evasively. [Tengu growth]
  1526 | D:4      | Reached XP level 5. HP: 7/30 MP: 6/6
  1772 | D:4      | Found a sand-covered staircase.
  1780 | Ossuary  | Entered an ossuary
  1831 | Ossuary  | Reached skill level 7 in Bows
  2173 | Ossuary  | HP: 3/30 [elf zombie (7)]
  2187 | Ossuary  | HP: 3/30 [jackal zombie (1)]
  2354 | D:4      | Noticed a centaur
  2470 | D:4      | HP: 4/30 [orc priest/+0 flail (5)]
  2472 | D:4      | Killed from afar by an orc priest

Vanquished Creatures
  An orc priest (D:4)
  2 iguanas
  An orc wizard (D:4)
  A hound zombie (Ossuary)
  2 mummies (Ossuary)
  An adder (D:2)
  3 adder zombies (Ossuary)
  An orc (D:4)
  9 ball pythons
  3 endoplasms
  4 giant cockroaches
  A gnoll zombie (Ossuary)
  9 goblins
  3 hobgoblins
  2 jackals (D:4)
  9 kobolds
  2 quokkas
  3 bats (D:2)
  A frilled lizard (D:1)
  2 goblin zombies (Ossuary)
  5 hobgoblin zombies (Ossuary)
  A kobold zombie (Ossuary)
  An orc zombie (Ossuary)
  A quokka zombie (Ossuary)
  6 rats (D:1)
  A rat zombie (Ossuary)
75 creatures vanquished.

Table legend:
 A = Non-vault XP
 B = Vault XP
 C = Vault XP percentage of total XP
 D = Non-vault monster count
 E = Vault monster count
 F = Vault count percentage of total count
                 A         B        C        D         E       F
            +---------+---------+-------+---------+---------+-------
      Total |     242 |      90 |  27.1 |      53 |      22 |  29.3
            +---------+---------+-------+---------+---------+-------
        D:1 |      52 |       0 |   0.0 |      34 |       0 |   0.0
        D:2 |      61 |       7 |  10.3 |       9 |       4 |  30.8
        D:4 |     129 |       0 |   0.0 |      10 |       0 |   0.0
    Ossuary |       0 |      83 | 100.0 |       0 |      18 | 100.0
            +---------+---------+-------+---------+---------+-------

Illustrated notes

Table legend:
 A = Kills in this place as a percentage of kills in entire the game.
 B = Kills by you in this place as a percentage of kills by you in the entire game.
 C = Kills by friends in this place as a percentage of kills by friends in the entire game.
 D = Other kills in this place as a percentage of other kills in the entire game.
 E = Experience gained in this place as a percentage of experience gained in the entire game.
 F = Experience gained in this place divided by the number of levels of this place that you have seen.
                   A       B       C       D       E      F
               +-------+-------+-------+-------+-------+----------------------
         Total | 100.0 | 100.0 |   N/A |   N/A | 100.0 |  83.0
       Dungeon |  76.0 |  76.0 |   N/A |   N/A |  75.0 |  83.0
       Ossuary |  24.0 |  24.0 |   N/A |   N/A |  25.0 |  83.0
               +-------+-------+-------+-------+-------+----------------------

Table legend: (Time is in decaauts)
 A = Elapsed time spent in this place.
 B = Non-inter-level travel time spent in this place.
 C = Inter-level travel time spent in this place.
 D = Time resting spent in this place.
 E = Time spent auto-exploring this place.
 F = Levels seen in this place.
 G = Mean time per level.
                   A        B        C        D        E       F      G
               +--------+--------+--------+--------+--------+-----+--------+
         Total |   2495 |   2470 |     25 |    564 |   1380 |   4 |  623.8 |
       Dungeon |   2091 |   2066 |     25 |    438 |   1362 |   3 |  697.0 |
       Ossuary |    403 |    403 |      0 |    126 |     18 |   1 |  403.0 |
               +--------+--------+--------+--------+--------+-----+--------+

Top non-repeatable levels by time:
     D:1: 1040 daAuts
     D:4: 674 daAuts
 Ossuary: 403 daAuts
     D:2: 377 daAuts
